 Dungeon Crawl Stone Soup version 0.28.0-47-ge53b351184 (webtiles) character file.

Game seed: 12959521115444397146

3176 101zpm the Thaumaturge (level 10, 0/62 HPs)
             Began as a Djinni Fire Elementalist on Apr 30, 2022.
             Slain by a wyvern zombie (13 damage)
             ... on level 6 of the Dungeon.
             The game lasted 00:17:40 (12517 turns).

101zpm the Thaumaturge (Djinni Fire Elementalist)  Turns: 12517, Time: 00:17:41

Health: 0/62       AC:  2    Str: 13    XL:     10   Next: 16%
Gold:   385        EV: 12    Int: 22    God:
                   SH:  0    Dex: 13

rFire   + + .      SeeInvis .   v - +2 spear (flame)
rCold   x . .      Faith    .   (no shield)
rNeg    . . .      Spirit   .   a - +0 robe
rPois   ∞          Reflect  .   (no helmet)
rElec   .          Harm     .   (no cloak)
rCorr   .          Rampage  .   (no gloves)
Will    +....                   (boots unavailable)
Stlth   ++........              (no amulet)
HPRegen 0.20/turn               t - +6 ring of strength
MPRegen 0.00/turn               (no ring)

@: flying
A: sickness immunity, fire resistance 2, cold vulnerability 1, float, innate
caster, HP casting, extra vitality 1
a: no special abilities


You were on level 6 of the Dungeon.
You visited 1 branch of the dungeon, and saw 6 of its levels.

You collected 385 gold pieces.

Inventory:

Hand Weapons
 v - a +2 spear of flaming (weapon)
Missiles
 p - 6 throwing nets
Armour
 a - a +0 robe (worn)
Jewellery
 r - an amulet of faith
 t - a +6 ring of strength (left hand)
Wands
 w - a wand of acid (8)
 y - a wand of mindburst (13)
Scrolls
 b - 6 scrolls of identify {unknown}
 d - 2 scrolls of fear {unknown}
 e - 5 scrolls of immolation {unknown}
 h - a scroll of enchant armour {unknown}
 i - 3 scrolls of magic mapping {unknown}
 l - 2 scrolls of holy word {unknown}
 m - a scroll of fog {unknown}
 n - 2 scrolls of noise {unknown}
 s - a scroll of amnesia {unknown}
 u - a scroll of torment {unknown}
 x - a scroll of teleportation {unknown}
Potions
 c - 2 potions of degeneration {unknown}
 f - 2 potions of berserk rage {unknown}
 g - a potion of haste {unknown}
 j - 3 potions of flight {unknown}
 k - a potion of resistance {unknown}
 o - 2 potions of might {unknown}
 q - a potion of curing {unknown}
 z - a potion of heal wounds {unknown}


   Skills:
 + Level 1.0 Fighting
 + Level 2.4 Dodging
 + Level 4.0 Stealth
 + Level 10.2 Spellcasting


You had 6 spell levels left.
You knew the following spells:

 Your Spells              Type           Power      Damage    Failure   Level
a - Foxfire               Conj/Fire      100%       2x1d9     1%          1
b - Scorch                Fire           100%       2d10      1%          2
c - Conjure Flame         Conj/Fire      54%        6-21      1%          3
d - Inner Flame           Hex/Fire       54%        N/A       1%          3
e - Flame Wave            Conj/Fire      54%        2d11      1%          4
f - Apportation           Tloc           100%       N/A       1%          1
g - Call Imp              Summ           54%        N/A       1%          2
h - Swiftness             Air            54%        N/A       1%          3
i - Olgreb's Toxic Radia  Pois           54%        N/A       1%          4
Your spell library was empty.

Dungeon Overview and Level Annotations

Branches:
Dungeon (6/15)
 Temple: D:4-7

Altars:
Hepliaklqana

Shops:
D:6 *


Innate Abilities, Weirdness & Mutations

You are immune to sickness and miasma.
You are immune to poison.
Your flesh is very heat resistant. (rF++)
You are vulnerable to cold. (rC-)
You float through the air rather than walking.
You learn spells naturally, not from books.
Your magical power is your life essence.
You have superior vitality. (+4 MHP)


Message History

You conjure some foxfire!
You conjure some foxfire!
The foxfire hits the howler monkey zombie.
The howler monkey zombie is moderately damaged.
The foxfire hits the howler monkey zombie.
The howler monkey zombie is heavily damaged.
The foxfire hits the howler monkey zombie!
The howler monkey zombie is almost destroyed.
Your foxfire dissipates!
You conjure some foxfire!
The foxfire hits the howler monkey zombie!
You destroy the howler monkey zombie!
You conjure some foxfire!
The foxfire hits the wyvern zombie!
The wyvern zombie is lightly damaged.
The foxfire hits the wyvern zombie.
The wyvern zombie is moderately damaged.
You conjure some foxfire!
The foxfire hits the wyvern zombie.
The wyvern zombie is moderately damaged.
Your foxfire dissipates!
The foxfire hits the wyvern zombie.
The wyvern zombie is moderately damaged.
The wyvern zombie bites you!
The foxfire hits the wyvern zombie but does no damage.
The wyvern zombie is moderately damaged.
You are too injured to fight recklessly!
Casting: Foxfire (safe; 1% risk of failure)
Press: ? - help, Q - select action, (/) - cycle Dir - look around, f - activate You conjure some foxfire!
The foxfire hits the wyvern zombie!
The wyvern zombie is heavily damaged.
The foxfire hits the wyvern zombie!
The wyvern zombie is severely damaged.
The wyvern zombie bites you!
* * * LOW HITPOINT WARNING * * *
The foxfire hits the wyvern zombie.
The wyvern zombie is severely damaged.
The foxfire hits the wyvern zombie.
The wyvern zombie is almost destroyed.
The wyvern zombie bites you!
You die...

#......#..#......#
#####..#..#..#####
.....#..#......#
.....#..#......#
.#####..#####..#
..g.=#..#......#
)h...#..#......#
###.|#..#..#####
.....#..#...§@§#
.....#..#....Z.#
.#####..#####†.#
## ..5..#..# ...#
.# ...?Z#..# ....#
.# ###.Z#..#
)##### .#
#..#..#.. .#
#..#..#. ## +.
#..#


You could see a wyvern zombie.

Vanquished Creatures
  A steam dragon (D:6)
  An orc warrior (D:6)
  2 water moccasins (D:5)
  6 ogres
  2 sky beasts (D:6)
  3 phantoms (D:6)
  A wyvern zombie (D:6)
  4 gnoll sergeants
  3 scorpions
  A water moccasin skeleton (D:5)
  A howler monkey (D:6)
  A bullfrog zombie (D:5)
  A centaur zombie (D:6)
  9 hounds
  An orc priest (D:6)
  4 gnoll shamans (D:5)
  4 bullfrog skeletons
  A jelly (D:5)
  3 orc wizards
  An iguana (D:4)
  A hound skeleton (D:5)
  2 howler monkey zombies (D:6)
  23 gnolls
  11 adders
  2 white imps
  4 ufetubi
  2 worms
  3 dart slugs
  22 orcs
  7 ball pythons
  7 bats
  7 endoplasms
  6 giant cockroaches
  6 goblins
  6 hobgoblins
  11 jackals
  4 kobolds
  A quokka (D:2)
  2 frilled lizards
  5 rats
182 creatures vanquished.

Vanquished Creatures (collateral kills)
  A hound (D:5)
  A foxfire (D:3)
2 creatures vanquished.

Vanquished Creatures (others)
  1147 foxfires
  2 plants (D:3)
1149 creatures vanquished.

Grand Total: 1333 creatures vanquished

Notes
Turn   | Place    | Note
-------+----------+-------------------------------------------
     0 | D:1      | 101zpm the Djinni Fire Elementalist began the quest for the
                  | Orb.
     0 | D:1      | Reached XP level 1. HP: 15/15 MP: 0/0
   305 | D:1      | Reached XP level 2. HP: 7/21 MP: 0/0
  1168 | D:1      | Reached skill level 3 in Spellcasting
  1479 | D:1      | Reached XP level 3. HP: 19/25 MP: 0/0
  1479 | D:1      | Learned a level 1 spell: Apportation
  2586 | D:2      | Reached XP level 4. HP: 28/31 MP: 0/0
  3173 | D:2      | Noticed a scorpion
  3189 | D:2      | Killed a scorpion
  3190 | D:2      | Reached skill level 4 in Spellcasting
  3190 | D:2      | Reached XP level 5. HP: 3/35 MP: 0/0
  3190 | D:2      | Learned a level 2 spell: Call Imp
  4011 | D:3      | Reached XP level 6. HP: 37/40 MP: 0/0
  4953 | D:3      | Found a hazy altar of Hepliaklqana.
  5160 | D:3      | Reached skill level 5 in Spellcasting
  5646 | D:3      | You are sucked into a shaft and drop 1 floor!
  6990 | D:4      | Reached XP level 7. HP: 42/45 MP: 0/0
  6990 | D:4      | Learned a level 3 spell: Swiftness
  7273 | D:5      | Entered Level 5 of the Dungeon
  7506 | D:5      | Reached skill level 6 in Spellcasting
  8360 | D:5      | Reached XP level 8. HP: 38/50 MP: 0/0
  8666 | D:5      | Reached skill level 7 in Spellcasting
  9986 | D:5      | Reached XP level 9. HP: 43/56 MP: 0/0
  9986 | D:5      | Learned a level 4 spell: Olgreb's Toxic Radiance
 10006 | D:5      | Reached skill level 8 in Spellcasting
 10736 | D:6      | Found Weseewet's Mayhem Merchandise.
 10996 | D:6      | Reached skill level 9 in Spellcasting
 11569 | D:6      | Reached skill level 1 in Fighting
 12081 | D:6      | Reached XP level 10. HP: 33/62 MP: 0/0
 12372 | D:6      | Reached skill level 10 in Spellcasting
 12517 | D:6      | Slain by a wyvern zombie

Illustrated notes

Levels and vault maps discovered:
D:1:      onia_arrival_mini_spirals, layout_basic
D:2:      layout_rooms, st_stairs_10
D:3:      layout_loops_corners, mainiacjoe_overflow_surrounded_room,
          serial_shops, nicolae_shop_crystal, corexii_shack
D:4:      layout_basic, nicolae_figureground_sparkle
D:5:      layout_cave_pools, serial_gnoll_camp, gnoll_camp_medium_02,
          gnoll_camp_mini_basic, gnoll_camp_huts_basic, gnoll_camp_mini_house,
          grunt_ministairs_7, grunt_decor_mini_mirrors, minmay_puff
D:6:      kennysheep_windowed_halls, layout_basic, serial_co_window_serial,
          co_window_paths_a, co_window_of_opportunity_a, co_window_corner_a,
          co_window_corner_a, co_window_of_opportunity_a,
          co_window_of_opportunity_b, co_window_of_opportunity_b,
          co_window_cross_4, glass_columns_a, glass_columns_a, glass_columns_c,
          glass_columns_c, glass_columns_a, dk_noncrumbling_2,
          minmay_shop_mayhem, minmay_misc_feat_nine_boxes, minivault_19

Skill      XL: |  1  2  3  4  5  6  7  8  9 10 |
---------------+-------------------------------+-----
Spellcasting   | 3 4 5 6 7 9 10 | 10.2
Stealth        | 2 3 4 |  4.0
Fighting       | 1 |  1.0
Dodging        | |  2.4

Action                   |  1- 3 |  4- 6 |  7- 9 | 10-12 || total
-------------------------+-------+-------+-------+-------++-------
Melee: Unarmed           |     4 |       |       |       ||     4
 Cast: Foxfire           |   141 |   260 |   230 |    60 ||   691
       Call Imp          |       |     4 |     8 |       ||    12
       Inner Flame       |       |     3 |    53 |     1 ||    57
       Scorch            |       |     8 |    14 |       ||    22
Armor: Robe              |     2 |     7 |     4 |     1 ||    14
Dodge: Dodged            |       |    21 |    16 |     2 ||    39
